 Dungeon Crawl Stone Soup version 0.31-a0-750-gfe7b580527 (webtiles) character file.

Game seed: 10256572696376989302

4 SmokeWeed the Vexing (level 1, 0/11 HPs)
             Began as a Deep Elf Hexslinger on Sept 14, 2023.
             Slain by a quokka (3 damage)
             ... on level 1 of the Dungeon.
             The game lasted 00:00:23 (93 turns).

SmokeWeed the Vexing (Deep Elf Hexslinger)            Turns: 93, Time: 00:00:23

Health: 0/11       AC:  6    Str:  5    XL:     1   Next: 50%
Magic:  5/5        EV:  6    Int: 17    God:
Gold:   5          SH:  0    Dex: 17    Spells: 3/3 levels left

rFire   . . .        a - +1 sling
rCold   . . .        (no shield)
rNeg    . . .        f - +0 scale mail
rPois   .            (no helmet)
rElec   .            (no cloak)
rCorr   .            (no gloves)
SInv    .            (no boots)
Will    .....        (no amulet) Stlth
                     (no ring)
HPRegen 0.21/turn    (no ring)
MPRegen 0.09/turn

%: no passive effects
@: no status effects
A: no striking features
a: no special abilities


You were on level 1 of the Dungeon.
You visited 1 branch of the dungeon, and saw 1 of its levels.

You collected 5 gold pieces.

Inventory:

Hand Weapons
 a - a +1 sling (weapon)
Armour
 c - a +0 robe
 f - a +0 scale mail (worn)
Jewellery
 d - a ring of positive energy
Scrolls
 b - a scroll of poison
 e - a scroll of noise {unknown}
 g - a scroll of silence {unknown}


   Skills:
 + Level 0.7 Fighting
 + Level 3.1 Ranged Weapons
 + Level 2.4 Dodging
 + Level 1.5 Spellcasting
 + Level 4.1 Hexes
 + Level 1.1 Fire Magic


You had 3 spell levels left.
You didn't know any spells.
Your spell library contained the following spells:

 Spells                   Type           Power      Damage    Failure   Level
 Jinxbite                 Hex            30%        N/A       82%         2
 Sigil of Binding         Hex            15%        N/A       96%         3
 Inner Flame              Hex/Fire       10%        N/A       99%         3
 Cause Fear               Hex            7%         N/A       100%        4
 Dimensional Bullseye     Hex/Tloc       4%         N/A       100%        4


Dungeon Overview and Level Annotations

Branches:
Dungeon (1/15)

Altars:


Message History

The quokka bites you but does no damage.
The quokka completely misses you.
The jackal bites you but does no damage.
You shoot a sling bullet.
The sling bullet barely misses the jackal.
The sling bullet hits the jackal.
The jackal is heavily wounded.
The jackal bites you. The quokka bites you. The jackal barely misses you.
The quokka bites you. The jackal barely misses you.
You shoot a sling bullet. The sling bullet hits the jackal!
You kill the jackal!
The quokka bites you but does no damage.
The quokka barely misses you. The jackal barely misses you.
The quokka twitches its whiskers.
The quokka bites you.
Your Ranged Weapons skill increases to level 3!
The quokka bites you. The quokka completely misses you.
The jackal bites you but does no damage.
The jackal attacks as it pursues you! The jackal bites you.
* * * LOW HITPOINT WARNING * * *
The quokka attacks as it pursues you!
The quokka bites you but does no damage.
The quokka bites you.
* * * LOW HITPOINT WARNING * * *
You see here 10 gold pieces.
You are too injured to fight recklessly!
You are too injured to fight recklessly!
You are too injured to fight recklessly!
You are too injured to fight recklessly!
Fire: a) +1 sling
Press: ? - help, Q - select action Shift-Dir - straight line, f - quokka
Aim: a quokka (48% to hit)
You shoot a sling bullet.
The sling bullet closely misses the quokka.
The sling bullet barely misses the jackal.
The sling bullet hits the rat.
You kill the rat!
The quokka bites you.
You die...

#.########
#....r.... #..# #..#
####..# #...r.#
#.###.# #
#.##..##########.#
###>..........hr@..#
......#####..#######
......# ##.# ......#
#..# ......# ##.#
......# .. ......#
##. ......# ..
......#


You could see a quokka and a jackal.

Vanquished Creatures
  A giant cockroach (D:1)
  2 jackals (D:1)
  A rat (D:1)
4 creatures vanquished.

Notes
Turn   | Place    | Note
-------+----------+-------------------------------------------
     0 | D:1      | SmokeWeed the Deep Elf Hexslinger began the quest for the
                  | Orb.
     0 | D:1      | Reached XP level 1. HP: 11/11 MP: 5/5
    93 | D:1      | Slain by a quokka

Illustrated notes

Levels and vault maps discovered:
D:1:      lightli_arrival_maybe_door_vault, layout_basic, serial_curves,
          eino_curves_03, eino_curves_03

Skill      XL: |  1 |
---------------+----+-----
Ranged Weapons | 3 |  3.1
Fighting       | |  0.7
Dodging        | |  2.4
Spellcasting   | |  1.5
Hexes          | |  4.1
Fire Magic     | |  1.1

Action                     || total
---------------------------++-------
   Fire: Sling             ||    12
 Armour: Scale mail        ||    26
  Dodge: Dodged            ||    11

Table legend: (Time is in decaauts)
 A = Elapsed time spent in this place.
 B = Non-inter-level travel time spent in this place.
 C = Inter-level travel time spent in this place.
 D = Time resting spent in this place.
 E = Time spent auto-exploring this place.
 F = Levels seen in this place.
 G = Mean time per level.
                   A        B        C        D        E       F      G
               +--------+--------+--------+--------+--------+-----+--------+
         Total |     98 |     98 |      0 |      0 |     41 |   1 |   98.0 |
       Dungeon |     98 |     98 |      0 |      0 |     41 |   1 |   98.0 |
               +--------+--------+--------+--------+--------+-----+--------+

Top non-repeatable levels by time:
     D:1: 98 daAuts
